 Dungeon Crawl Stone Soup version 0.24.0-125-gc4c63601f3 (webtiles) character file.

Game seed: 11832991194425944822, levelgen mode: deterministic

60 mortelune the Firebug (level 3, -3/19 HPs)
             Began as a Deep Elf Fire Elementalist on Feb 22, 2020.
             Slain by an adder skeleton (4 damage)
             ... on level 4 of the Dungeon.
             The game lasted 00:03:04 (1888 turns).

mortelune the Firebug (Deep Elf Fire Elementalist)  Turns: 1888, Time: 00:03:04

Health: -3/19      AC:  2    Str:  5    XL:     3   Next: 82%
Magic:  7/10       EV: 13    Int: 20    God:
Gold:   65         SH:  0    Dex: 15    Spells: 3/9 levels left

rFire    . . .     SeeInvis .   e - +0 short sword
rCold    . . .     Gourm    +   (no shield)
rNeg     . . .     Faith    .   a - +0 robe
rPois    .         Spirit   .   (no helmet)
rElec    .         Reflect  .   (no cloak)
rCorr    .         Harm     .   (no gloves)
MR       .....                  (no boots)
Stlth    ++........             j - amulet of the gourmand
HPRegen  0.06/turn              (no ring)
MPRegen  0.12/turn              (no ring)

@: flying
A: no striking features
a: no special abilities


You were on level 4 of the Dungeon.
You were hungry.

You visited 1 branch of the dungeon, and saw 3 of its levels.

You collected 65 gold pieces.

Inventory:

Hand Weapons
 e - a +0 short sword (weapon)
Armour
 a - a +0 robe (worn)
Jewellery
 j - an amulet of the gourmand (around neck)
Scrolls
 b - 2 scrolls of identify
 d - 2 scrolls of remove curse
Potions
 h - a potion of curing {unknown}
 i - a potion of degeneration {unknown}
Comestibles
 c - 3 rations


   Skills:
 + Level 3.0 Dodging
 - Level 2.4 Stealth
 + Level 3.5 Spellcasting
 * Level 2.5 Conjurations
 * Level 4.1 Fire Magic


You had 3 spell levels left.
You knew the following spells:

 Your Spells              Type           Power        Failure   Level  Hunger
a - Flame Tongue          Conj/Fire      ###..        3%          1    None
b - Throw Flame           Conj/Fire      ###...       5%          2    ##.....
c - Conjure Flame         Conj/Fire      ###.....     11%         3    ###....

Your spell library contained the following spells:

 Spells                   Type           Power        Failure   Level  Hunger
 Inner Flame              Hex/Fire       ##......     17%         3    ###....
 Sticky Flame             Conj/Fire      ###.....     34%         4    ####...
 Fireball                 Conj/Fire      ###.......   67%         5    ######.


Dungeon Overview and Level Annotations

Branches:
Dungeon (2/15)

Altars:

Annotations:
D:4 Grinder, Natasha, Robin


Message History

The giant cockroach bites you.
* * * LOW HITPOINT WARNING * * *
The adder skeleton bites you.
* * * LOW HITPOINT WARNING * * *
Casting: Flame Tongue (safe; 3% risk of failure)
Confirm with . or Enter, or press ? or * to list all spells.
Aiming: Flame Tongue (safe; 3% risk of failure)
Press: ? - help, Shift-Dir - straight line, f/p - giant cockroach
Aim: a giant cockroach (moderately wounded, clinging)
The flame tongue hits the giant cockroach but does no damage.
The giant cockroach is moderately wounded.
The worker ant twitches its antennae in your direction.
The giant cockroach bites you but does no damage.
The goblin closely misses you. The adder skeleton closely misses you.
It was a potion of flight.
You feel very buoyant.
You fly up into the air.
The giant cockroach bites you but does no damage.
The adder skeleton bites you.
You die...

..........!.....(..##
#....................
##...####...........#
#....###.....###....#
.......#...#.# .....
#...†.g##.# .##.
#.#.#gg###.. .#
###.a###... #.@g..#
#... #sZ..........
....#.......
..............
##..#...#......
...##..##.#.... 5...
##.. .#.... ... #..
..


You could see Grinder, a worker ant, Robin, a giant cockroach, a hobgoblin, 2
goblins and an adder skeleton.

Vanquished Creatures
  2 gnolls (D:2)
  2 adders (D:2)
  2 giant cockroaches
  3 goblins
  3 hobgoblins
  A quokka (D:2)
  A bat (D:1)
  9 frilled lizards
  3 kobolds
  2 rats (D:2)
28 creatures vanquished.

Notes
Turn   | Place    | Note
-------+----------+-------------------------------------------
     0 | D:1      | mortelune the Deep Elf Fire Elementalist began the quest
                  | for the Orb.
     0 | D:1      | Reached XP level 1. HP: 10/10 MP: 6/6
  1139 | D:2      | Reached XP level 2. HP: 15/15 MP: 6/8
  1239 | D:1      | Learned a level 2 spell: Throw Flame
  1572 | D:2      | Reached XP level 3. HP: 19/19 MP: 6/9
  1722 | D:2      | Reached skill level 4 in Fire Magic
  1762 | D:2      | Learned a level 3 spell: Conjure Flame
  1865 | D:2      | You fall into a shaft and drop 2 floors!
  1866 | D:4      | Noticed Natasha
  1874 | D:4      | Noticed Robin
  1883 | D:4      | Noticed Grinder
  1888 | D:4      | Slain by an adder skeleton

Levels and vault maps discovered:
D:1:      co_arrival_random_square_maze, layout_basic
D:2:      layout_rooms, kiku_gazebo_pond_becter,
          chequers_ecumenical_altar_simple_redux, minmay_lizard_pond
D:4:      layout_cave_pools, uniq_grinder, uniq_menkaure, uniq_natasha,
          uniq_robin

Skill      XL: |  1  2  3 |
---------------+----------+-----
Conjurations   | 2 |  2.5
Fire Magic     | 4 |  4.1
Dodging        | 3 |  3.0
Stealth        | |  2.4
Spellcasting   | |  3.5

Action                   || total
-------------------------++-------
Melee: Short sword       ||     1
 Cast: Flame Tongue      ||    20
       Throw Flame       ||    23
  Use: Scroll            ||     2
       Potion            ||     1
 Stab: Distracted        ||     1
  Eat: Chunk             ||     3
Armor: Robe              ||     6
Dodge: Dodged            ||     8
